 Dungeon Crawl Stone Soup version 0.30-a0-414-gcb316572d5 (webtiles) character file.

Game seed: 4109019195767828047

162 whiskeysaurus the Conjurer (level 5, -1/38 HPs)
             Began as a Draconian Conjurer on Dec 7, 2022.
             Killed by divine providence
             ... invoked by an orc priest
              (13 damage)
             ... on level 4 of the Dungeon.
             The game lasted 00:07:41 (4572 turns).

whiskeysaurus the Conjurer (Draconian Conjurer)     Turns: 4572, Time: 00:07:41

Health: -1/38      AC:  9    Str:  6    XL:     5   Next: 19%
Magic:  5/9        EV: 16    Int: 21    God:
Gold:   109        SH:  0    Dex: 12    Spells: 9/10 levels left

rFire   . . .      SeeInvis .    w - +3 dagger of Greed {flame, rN+ Str-3 Dex+3}
rCold   . . .      Faith    .    (no shield)
rNeg    + . .      Spirit   .    (body armour unavailable)
rPois   .          Reflect  .    b - +2 hat
rElec   .          Harm     .    f - +0 cloak
rCorr   .          Rampage  .    (no gloves)
Will    .....                    i - +0 pair of boots
Stlth   ++........               (no amulet)
HPRegen 0.26/turn                d - +4 ring of evasion
MPRegen 0.11/turn                (no ring)

@: lethally poisoned (-1 -> -11)
A: AC +5, unfitting armour, cold-blooded
a: no special abilities


You were on level 4 of the Dungeon.
You visited 1 branch of the dungeon, and saw 4 of its levels.

You collected 109 gold pieces.

Inventory:

Hand Weapons
 e - a +0 dagger
 w - the +3 dagger of Greed (weapon) {flame, rN+ Str-3 Dex+3}
   (You found it on level 4 of the Dungeon)

   It burns those it strikes, dealing additional fire damage.
   Str:       It affects your strength (-3).
   Dex:       It affects your dexterity (+3).
   rN:        It protects you from negative energy.
Armour
 b - a +2 hat (worn)
 f - a +0 cloak (worn)
 i - a +0 pair of boots (worn)
Jewellery
 d - a +4 ring of evasion (left hand)
 v - a ring of willpower
Scrolls
 g - a scroll of butterflies {unknown}
 h - a scroll of poison {unknown}
 j - a scroll of immolation
 k - a scroll of identify {unknown}
 p - a scroll of silence {unknown}
 r - a scroll of enchant weapon {unknown}
 s - a scroll of enchant armour {unknown}
 u - a scroll of blinking {unknown}
Potions
 a - a potion of magic
 c - 3 potions of degeneration {unknown}
 l - 3 potions of invisibility {unknown}
 m - 2 potions of lignification {unknown}
 o - a potion of cancellation {unknown}
 q - a potion of flight {unknown}
 t - 2 potions of might {unknown}


   Skills:
 + Level 2.8 Dodging
 + Level 3.1 Stealth
 + Level 3.0 Spellcasting
 + Level 4.7 Conjurations


You had 9 spell levels left.
You knew the following spells:

 Your Spells              Type           Power      Damage    Failure   Level
a - Magic Dart            Conj           92%        1d7       1%          1

Your spell library contained the following spells:

 Spells                   Type           Power      Damage    Failure   Level
 Searing Ray              Conj           46%        2d6       2%          2
 Beastly Appendage        Tmut           6%         N/A       13%         1
 Dazzling Flash           Conj/Hex       26%        N/A       16%         3
 Wereblood                Tmut           3%         N/A       21%         2
 Spider Form              Tmut/Pois      3%         N/A       36%         3
 Fulminant Prism          Conj/Hex       6%         3d7       45%         4
 Iskenderun's Mystic Bla  Conj/Tloc      13%        2d5       45%         4


Dungeon Overview and Level Annotations

Branches:
Dungeon (4/15)
 Temple: D:4-7

Altars:

Annotations:
D:2 Sigmund
D:4 3 runed translucent doors, zupo's ghost, weakling DrCj


Innate Abilities, Weirdness & Mutations

Your plain brown scales are hard. (AC +5)
You cannot fit into any form of body armour.
You are cold-blooded and may be slowed by cold attacks.


Message History

The puff of flame misses you.
You bump into the rock wall.
The orc wizard hits you but does no damage.
You are too confused!
You hit the orc wizard but do no damage.
Your tail-slap misses the orc wizard.
The orc wizard is heavily wounded.
You feel less confused. The orc wizard misses you.
You hit the orc wizard. You burn the orc wizard.
The orc wizard is severely wounded.
Something hits you but does no damage.
You are poisoned.
The orc priest calls upon Beogh to heal the orc wizard.
The orc wizard closely misses you. The orc closely misses you.
You miss something.
You feel sick. Something barely misses you. The orc completely misses you.
The orc priest hits you with a +0 hand axe of freezing.
The orc priest freezes you.
The orc wizard hits you but does no damage.
You hit something but do no damage.
Your tail-slap misses something.
You feel sick. Something hits you but does no damage.
You are more poisoned.
The orc priest hits you but does no damage.
The orc completely misses you. The orc wizard casts a spell at you.
The magic dart hits you!
Aiming: Magic Dart (safe; 1% risk of failure)
Press: ? - help, Q - select action Shift-Dir - straight line, f/p - orc wizard
Aim: an orc wizard, wielding a +0 dagger and wearing a +0 robe (severely wounded, 100% to hit)
Okay, then.
As you read the scroll labelled CIDIKHL SELI, it crumbles to dust.
The creatures around you are filled with an inner flame!
It was a scroll of immolation.
You feel very sick.
You hear some strange, mumbled words.
Something tries to affect you, but you resist.
The orc priest calls down the wrath of Beogh upon you.
Beogh smites you!
You die...

#..............# #..###.
#..............# #....'.
#..............# #....#.
#..............# #....#.
#######........#######...#.
#....######....#...#.
#....# #....#....# #..o.#
#....#...## #..{@#
#....'...# #..oo#
#..[.###### +........
###.......# #........
#.......# #........#
#........ #!.......#
#........ +........#
#........ #........#
#........ #........


You could see an orc priest (inner flame), an orc wizard (inner flame) and an
orc (inner flame).

Vanquished Creatures
  2 orc wizards (D:4)
  4 adders
  2 worms
  2 dart slugs
  3 orcs (D:4)
  4 ball pythons
  4 bats
  10 endoplasms
  A giant cockroach (D:4)
  3 goblins
  9 hobgoblins
  3 quokkas (D:2)
  3 frilled lizards (D:2)
  7 kobolds
  6 rats
63 creatures vanquished.

Notes
Turn   | Place    | Note
-------+----------+-------------------------------------------
     0 | D:1      | whiskeysaurus the Draconian Conjurer began the quest for
                  | the Orb.
     0 | D:1      | Reached XP level 1. HP: 14/14 MP: 3/3
   288 | D:1      | Reached XP level 2. HP: 17/20 MP: 0/5
  1129 | D:2      | Reached XP level 3. HP: 26/26 MP: 4/6
  1538 | D:2      | Noticed Sigmund
  2356 | D:2      | Reached XP level 4. HP: 33/33 MP: 3/7
  3660 | D:4      | Noticed zupo's ghost (weakling DrCj)
  3664 | D:4      | Noticed a scorpion
  3703 | D:4      | Found a runed translucent gate.
  3704 | D:4      | Found a runed translucent gate.
  3705 | D:4      | Found a runed translucent gate.
  3860 | D:4      | Identified the +3 dagger of Greed {flame, rN+ Str-3 Dex+3}
  4442 | D:4      | Reached XP level 5. HP: 34/38 MP: 1/9
  4572 | D:4      | Killed from afar by an orc priest

Illustrated notes

Levels and vault maps discovered:
D:1:      dpeg_arrival_connections, layout_basic, hangedman_decor_slide_cut
D:2:      layout_loops_corners, serial_aquarium, aquarium_bridge_straight
          [aquarium_subvault_bridge, aquarium_subvault_wall,
          aquarium_subvault_bridge, aquarium_subvault_window],
          aquarium_bridge_long_separate [aquarium_subvault_bridge,
          aquarium_subvault_window, aquarium_subvault_bridge,
          aquarium_subvault_balcony, aquarium_subvault_window,
          aquarium_subvault_bridge], aquarium_window_3, aquarium_window_2,
          aquarium_window_1, aquarium_view_2c, aquarium_view_2b,
          aquarium_balcony_double_2, minmay_statues_item, chequers_avenue,
          uniq_sigmund
D:3:      layout_rooms
D:4:      layout_gridville, gammafunk_ghost_split

Skill      XL: |  1  2  3  4  5 |
---------------+----------------+-----
Stealth        | 2 3 |  3.1
Dodging        | 2 |  2.8
Spellcasting   | 3 |  3.0
Conjurations   | |  4.7

Action                   |  1- 3 |  4- 6 || total
-------------------------+-------+-------++-------
Melee: Unarmed           |     9 |       ||     9
       Dagger            |     7 |    26 ||    33
       Tailslap          |     2 |     1 ||     3
 Cast: Magic Dart        |    85 |    76 ||   161
  Use: Scroll            |       |     3 ||     3
Armor: Skin              |     9 |    28 ||    37
Dodge: Dodged            |    10 |    24 ||    34

Table legend: (Time is in decaauts)
 A = Elapsed time spent in this place.
 B = Non-inter-level travel time spent in this place.
 C = Inter-level travel time spent in this place.
 D = Time resting spent in this place.
 E = Time spent auto-exploring this place.
 F = Levels seen in this place.
 G = Mean time per level.
                   A        B        C        D        E       F      G
               +--------+--------+--------+--------+--------+-----+--------+
         Total |   4571 |   4482 |     89 |    351 |   3640 |   4 | 1142.8 |
       Dungeon |   4571 |   4482 |     89 |    351 |   3640 |   4 | 1142.8 |
               +--------+--------+--------+--------+--------+-----+--------+

Top non-repeatable levels by time:
     D:2: 1724 daAuts
     D:4: 1093 daAuts
     D:1: 905 daAuts
     D:3: 847 daAuts
